 Dungeon Crawl Stone Soup version 0.31.0-12-g77e489cdc1 (webtiles) character file.

Game seed: 7821976848739474018

27 spaghetti the Ruffian (level 3, 0/34 HPs)
             Began as a Naga Chaos Knight on Feb 28, 2024.
             Was a Plaything of Xom.
             Slain by an iron imp (4 damage)
             ... summoned by Xom
             ... on level 1 of the Dungeon.
             The game lasted 00:01:01 (1088 turns).

spaghetti the Ruffian (Naga Chaos Knight)           Turns: 1088, Time: 00:01:01

Health: 0/34       AC:  4    Str: 16    XL:     3   Next: 10%
Magic:  3/3        EV:  9    Int: 12    God:    Xom [....*.]
Gold:   9          SH:  0    Dex: 10    Spells: 2/2 levels left

rFire   . . .        c - +0 dagger (venom)
rCold   . . .        (no shield)
rNeg    . . .        a - +2 leather armour
rPois   +            (no helmet)
rElec   .            (no cloak)
rCorr   .            (no gloves)
SInv    +            (no barding)
Will    .....        (no amulet)
Stlth   +            (no ring)
HPRegen 0.25/turn    (no ring)
MPRegen 0.08/turn

%: no passive effects
@: very slow
A: AC +1, large, see invisible, deformed body, poison resistance, slowness 2,
spit poison 1, naga tail 1
a: Spit Poison, Renounce Religion


You were on level 1 of the Dungeon.
You worshipped Xom.
You were a beloved toy of Xom.
You visited 1 branch of the dungeon, and saw 1 of its levels.

You collected 9 gold pieces.

Inventory:

Hand Weapons
 c - a +0 dagger of venom (weapon)
Armour
 a - a +2 leather armour (worn)
Scrolls
 b - a scroll of butterflies
Potions
 d - a potion of degeneration
 e - 2 potions of enlightenment {unknown}
 f - a potion of might {unknown}


   Skills:
 + Level 3.6 Fighting
 - Level 1.5 Armour
 - Level 0.7 Dodging
 - Level 3.6 Unarmed Combat


You had 2 spell levels left.
You didn't know any spells.
Your spell library was empty.

Dungeon Overview and Level Annotations

Branches:
Dungeon (1/15)

Altars:


Innate Abilities, Weirdness & Mutations

Your serpentine skin is tough. (AC +1)
You have supernaturally acute eyesight. (SInv)
Armour fits poorly on your strangely shaped body.
Your system is resistant to poisons. (rPois)
You cover ground very slowly.
You can spit poison.
You have a snake-like lower body.


Message History

You barely resist.
You are too injured to fight recklessly!
You are too injured to fight recklessly!
You are too injured to fight recklessly!
You are too injured to fight recklessly!
You are too injured to fight recklessly!
You are too injured to fight recklessly!
You are too injured to fight recklessly!
You are too injured to fight recklessly!
You are too injured to fight recklessly!
You are too injured to fight recklessly!
You are too injured to fight recklessly!
You are too injured to fight recklessly!
You are too injured to fight recklessly!
You are too injured to fight recklessly!
You are too injured to fight recklessly!
You are too injured to fight recklessly!
You are too injured to fight recklessly!
You are too injured to fight recklessly!
You closely miss the iron imp.
The iron imp is moderately wounded.
The iron imp hits you but does no damage.
The shadow imp hits you.
You barely miss the iron imp.
The iron imp is moderately wounded.
The iron imp hits you. The shadow imp closely misses you.
You hit the iron imp but do no damage.
The iron imp is moderately wounded.
The shadow imp gestures at you. Pain shoots through your body!
You hit the iron imp but do no damage.
The iron imp is heavily wounded.
The iron imp hits you!
* * * LOW HITPOINT WARNING * * *
The shadow imp misses you.
You hit the iron imp but do no damage.
The iron imp is heavily wounded.
The iron imp hits you.
You die...
Xom yawns loudly!

.#######.......#...#.#
#.# .# #...........#.#
#.# .# #...........#.#
#.# .# #...........#.#
#.# ## #.#######'#.#.#
#.# ########.# #.#.#.#
#.# .......#.# #.#.#.#
#.# ######.#.#
#5#.#.##########.#
.....#.#.#
#@#.#............#
.###.#.#.#
#5#.############.#
.....#.#.#
#.#.##############
####.#.#.#
#.#...............
.....#.#.#
#.################
######.#.# #.#
.......#.#######.#
########.........#
###########


You could see an iron imp (summoned, very poisoned) and a shadow imp (summoned).

Vanquished Creatures
  2 ball pythons (D:1)
  5 endoplasms (D:1)
  A giant cockroach (D:1)
  3 goblins (D:1)
  3 hobgoblins (D:1)
  A quokka (D:1)
  2 bats (D:1)
  2 frilled lizards (D:1)
  2 kobolds (D:1)
  2 rats (D:1)
23 creatures vanquished.

Notes
Turn   | Place    | Note
-------+----------+-------------------------------------------
     0 | D:1      | spaghetti the Naga Chaos Knight began the quest for the
                  | Orb.
     0 | D:1      | Reached XP level 1. HP: 21/21 MP: 1/1
    25 | D:1      | XOM: silly message
   233 | D:1      | Reached XP level 2. HP: 28/28 MP: 2/2
   236 | D:1      | XOM: silly message
   282 | D:1      | XOM: smoke on damage
   346 | D:1      | XOM: noise
   648 | D:1      | XOM: smoke on damage
   673 | D:1      | XOM: scenery: 1 doors open
   682 | D:1      | Reached XP level 3. HP: 34/34 MP: 3/3
  1080 | D:1      | XOM is BORED!
  1080 | D:1      | XOM: summons 2 hostile demons
  1088 | D:1      | Slain by an iron imp

Illustrated notes

Levels and vault maps discovered:
D:1:      minmay_arrival_widening_spiral_narrow, layout_basic, moated_statue

Action                     || total
---------------------------++-------
  Melee: Unarmed           ||    34
         Punch             ||     4
         Dagger            ||    45
Ability: Spit Poison       ||    16
    Use: Scroll            ||     1
 Armour: Leather armour    ||    54
  Dodge: Dodged            ||    34
